 Dungeon Crawl Stone Soup version 0.27.0-1-g7a089689b8 (webtiles) character file.

Game seed: 7505967902945887941

267076 ABBCCCDDDD the Nimble (level 20, 0/158 HPs)
             Began as a Gnoll Gladiator on Aug 7, 2021.
             Was a Favourite Plaything of Xom.
             Slain by a freezing wraith (8 damage)
             ... on level 14 of the Dungeon.
             The game lasted 01:45:17 (53465 turns).

ABBCCCDDDD the Nimble (Gnoll Gladiator)            Turns: 53465, Time: 01:45:18

Health: 0/158      AC: 21    Str: 23    XL:     20   Next: 11%
Magic:  37/37      EV: 13    Int: 25    God:    Xom [..*...]
Gold:   3689       SH: 32    Dex: 20    Spells: 34/45 levels left

rFire    . . .     SeeInvis +   E - +11 flail of Evisceration {freeze, rPois rN+ Int+6}
rCold    . . .     Faith    .   I - +7 tower shield "Wimpitiv" {rN+ Dex+6}
rNeg     + + .     Spirit   .   c - +1 plate armour {Will+}
rPois    +         Reflect  +   X - +1 helmet {Int+3}
rElec    +         Harm     .   L - +0 cloak
rCorr    +         Rampage  +   V - +2 pair of gloves {Str+3}
Will     +++++                  J - +0 pair of boots {Stlth+}
Stlth    ++........             y - amulet "Fokhoub" {Reflect Rampage rF- Will+++ SH+5 SInv}
HPRegen  0.36/turn              r - ring "Haanloh" {rC- rCorr Int+6 Slay+2}
MPRegen  0.25/turn              q - ring of fire

@: slowed, very slow
A: fangs 2, strong nose, distributed training, talons 1, cold resistance 2,
deformed body, strong-willed 1, screaming 1, electricity resistance
}: 2/15 runes: barnacled, gossamer
a: Renounce Religion


You were on level 14 of the Dungeon.
You worshipped Xom.
You were a toy of Xom.
You visited 7 branches of the dungeon, and saw 35 of its levels.
You also visited: Gauntlet.

You collected 5870 gold pieces.
You spent 2181 gold pieces at shops.

Inventory:

Hand Weapons
 w - a +1 morningstar of holy wrath
 E - the +11 flail of Evisceration (weapon) {freeze, rPois rN+ Int+6}
   (You found it on level 3 of the Lair of Beasts)

   It freezes those it strikes, dealing additional cold damage.
   It can also slow down cold-blooded creatures.
   Int:       It affects your intelligence (+6).
   rPois:     It protects you from poison.
   rN:        It protects you from negative energy.
 Z - the +6 hand axe "Guepy" {vorpal, rF++ rN+ Str-3}
   (You found it on level 4 of the Dungeon)

   It inflicts extra damage upon your enemies.
   Str:       It affects your strength (-3).
   rF:        It greatly protects you from fire.
   rN:        It protects you from negative energy.
Missiles
 d - 11 throwing nets (quivered)
 e - 16 silver javelins
 j - 71 poisoned darts
Armour
 c - a +1 plate armour of willpower (worn)
 x - a +0 kite shield
 I - the +7 tower shield "Wimpitiv" (worn) {rN+ Dex+6}
   (You found it on level 13 of the Dungeon)

   Dex:       It affects your dexterity (+6).
   rN:        It protects you from negative energy.
 J - a +0 pair of boots of stealth (worn)
 L - a +0 cloak (worn)
 V - a +2 pair of gloves of strength (worn)
 X - a +1 helmet of intelligence (worn)
Jewellery
 q - a ring of fire (right hand)
 r - the ring "Haanloh" (left hand) {rC- rCorr Int+6 Slay+2}
   (Xom gifted it to you on level 2 of the Dungeon)

   [ring of intelligence]

   Int:       It affects your intelligence (+6).
   Slay:      It affects your accuracy & damage with ranged weapons and melee
   (+2).
   rC:        It makes you vulnerable to cold.
   rCorr:     It protects you from acid and corrosion.
 y - the amulet "Fokhoub" (around neck) {Reflect Rampage rF- Will+++ SH+5 SInv}
   (You acquired it on level 8 of the Dungeon)

   [amulet of reflection]

   It reflects blocked missile attacks.
   rF:        It makes you vulnerable to fire.
   SInv:      It lets you see invisible.
   SH:        It affects your SH (+5).
   Rampage:   It bestows one free step when moving towards enemies.
   Will:      It greatly increases your willpower.
 C - a ring of resist corrosion
 K - a ring of poison resistance
 M - a +4 ring of slaying
 R - a ring of flight
 Y - a ring of protection from cold
Wands
 b - a wand of paralysis (19)
 v - a wand of digging (19)
 B - a wand of mindburst (7)
 G - a wand of acid (14)
Scrolls
 a - 2 scrolls of torment
 f - 3 scrolls of magic mapping
 g - 7 scrolls of enchant armour
 i - 7 scrolls of immolation
 m - 3 scrolls of noise
 o - 5 scrolls of teleportation
 p - 4 scrolls of fog
 N - a scroll of silence
 O - 2 scrolls of summoning
 P - 2 scrolls of blinking
Potions
 k - a potion of mutation
 l - 5 potions of heal wounds
 n - 4 potions of cancellation
 s - 4 potions of flight
 t - 2 potions of might
 z - 5 potions of attraction
 A - 5 potions of brilliance
 F - a potion of lignification
 H - 5 potions of curing
 Q - 3 potions of invisibility
 S - 5 potions of haste
 T - 6 potions of ambrosia
 U - a potion of magic
Miscellaneous
 h - a condenser vane (inert)
 u - a phial of floods
 D - a lightning rod (4/4)
 W - a piece from Xom's chessboard (15/15)


   Skills:
 + Level 13.8 Fighting
 + Level 13.2 Short Blades
 + Level 13.2 Long Blades
 + Level 14.4 Axes
 + Level 13.2 Maces & Flails
 + Level 13.2 Polearms
 + Level 13.2 Staves
 + Level 13.2 Slings
 + Level 13.2 Bows
 + Level 13.2 Crossbows
 + Level 13.8 Throwing
 + Level 13.2 Armour
 + Level 14.4 Dodging
 + Level 13.2 Stealth
 + Level 13.2 Shields
 + Level 13.2 Unarmed Combat
 + Level 13.2 Spellcasting
 + Level 11.3 Conjurations
 + Level 11.3 Hexes
 + Level 11.3 Summonings
 + Level 11.3 Necromancy
 + Level 11.3 Translocations
 + Level 11.3 Transmutations
 + Level 11.3 Fire Magic
 + Level 11.3 Ice Magic
 + Level 11.3 Air Magic
 + Level 11.3 Earth Magic
 + Level 11.3 Poison Magic
 + Level 14.2 Invocations
 + Level 13.2 Evocations


You had 34 spell levels left.
You knew the following spells:

 Your Spells              Type           Power      Damage    Failure   Level
a - Wereblood             Tmut           65%        N/A       2%          2
b - Passwall              Tmut/Erth      54%        N/A       2%          2
c - Swiftness             Air            65%        N/A       4%          3
d - Airstrike             Air            32%        N/A       16%         4

Your spell library contained the following spells:

 Spells                   Type           Power      Damage    Failure   Level
 Beastly Appendage        Tmut           100%       N/A       1%          1
 Foxfire                  Conj/Fire      100%       2x1d9     1%          1
 Sandblast                Erth           100%       2d20      1%          1
 Shock                    Conj/Air       100%       1d9       1%          1
 Sting                    Tmut/Pois      100%       1d8       1%          1
 Poisonous Vapours        Pois/Air       100%       N/A       2%          2
 Slow                     Hex            65%        N/A       2%          2
 Call Canine Familiar     Summ           65%        N/A       4%          3
 Confusing Touch          Hex            65%        N/A       4%          3
 Conjure Flame            Conj/Fire      83%        6-21      4%          3
 Dazzling Flash           Conj/Hex       100%       N/A       4%          3
 Inner Flame              Hex/Fire       83%        N/A       4%          3
 Portal Projectile        Hex/Tloc       100%       N/A       4%          3
 Spider Form              Tmut/Pois      32%        N/A       4%          3
 Stone Arrow              Conj/Erth      100%       3d13      4%          3
 Leda's Liquefaction      Hex/Erth       32%        N/A       16%         4
 Olgreb's Toxic Radiance  Pois           65%        N/A       16%         4
 Blade Hands              Tmut           32%        N/A       38%         5
 Bolt of Magma            Conj/Fire/Erth 41%        4d17      38%         5
 Excruciating Wounds      Necr           32%        N/A       38%         5
 Freezing Cloud           Conj/Ice/Air   32%        6-21      38%         5
 Irradiate                Conj/Tmut      32%        3d24      38%         5
 Iskenderun's Battlesphe  Conj           65%        2d11      38%         5
 Lee's Rapid Deconstruct  Erth           32%        3d18*     38%         5
 Yara's Violent Unravell  Hex/Tmut       32%        3d13      38%         5
 Iron Shot                Conj/Erth      32%        9d7       93%         6
 Starburst                Conj/Fire      41%        8x6d12    93%         6
 Malign Gateway           Summ/Tloc      32%        N/A       100%        7
 Ozocubu's Refrigeration  Ice            32%        4d11      100%        7
 Spellforged Servitor     Conj/Summ      32%        N/A       100%        7
 Ignition                 Fire           41%        3d12      100%        8
 Summon Horrible Things   Summ           32%        N/A       100%        8
 Chain Lightning          Conj/Air       32%        3d43      100%        9
 Shatter                  Erth           32%        3d26*     100%        9


Dungeon Overview and Level Annotations

Branches:
Dungeon (14/15)            Temple (0/1) D:6            Lair (6/6) D:11
 Shoals (4/4) Lair:4       Spider (4/4) Lair:3        Slime (0/5) Lair:5
    Orc (2/2) D:11            Elf (3/3) Orc:2        Vaults (2/5) D:13
Gauntlet (visited)
  Crypt: Vaults:2-3

Altars:
Ashenzari
Cheibriados
Elyvilon
Fedhas
Gozag
Hepliaklqana
Kikubaaqudgha
Nemelex Xobeh
Okawaru
Ru
Trog
Vehumet
Xom
Yredelemnul
Zin
Beogh

Shops:
D:6 **!=*   D:12 !   Orc:2 ::![   Elf:2 [

Annotations:
D:5 Ijyb
Shoals:3 Bai Suzhen
Shoals:4 3 runed translucent doors, Isaraitt's ghost, journeyman HOFi; Lianjan's ghost, adept MiGl; Loidof's ghost, adept MiFi; Zipteul's ghost, adept NaBe; qdestroyer's ghost, journeyman MiFi
Spider:1 1 runed translucent door
Spider:4 Donald
Elf:2 3 runed translucent doors


Innate Abilities, Weirdness & Mutations

You have extremely sharp teeth.
Your uncanny sense of smell can sniff out nearby items.
Your experience applies equally to all skills.
You have sharp toenails.
Your flesh is very cold resistant. (rC++)
Armour fits poorly on your strangely shaped body.
You are strong-willed. (Will+)
You occasionally shout uncontrollably at your foes.
You are resistant to electric shocks. (rElec)


Message History

The arrow hits the centaur warrior!
The centaur barely misses you.
The centaur kicks you but does no damage.
The centaur warrior simulacrum barely misses you.
The centaur warrior simulacrum misses you.
The centaur warrior hits you but does no damage.
The centaur warrior barely misses you.
The centaur warrior shoots an arrow.
The arrow hits you but does no damage. The freezing wraith closely misses you.
The freezing wraith barely misses you.
The centaur hits you but does no damage.
The centaur kicks you but does no damage.
Clouds of poison gas condense around you!
The condenser dries out!
The centaur warrior is engulfed in poison gas.
The centaur warrior is poisoned.
You block the centaur warrior's attack. x2
The centaur warrior simulacrum hits you but does no damage.
The centaur warrior simulacrum kicks you but does no damage.
The centaur warrior is poisoned.
The centaur warrior shoots an arrow.
The arrow misses you.
The centaur is engulfed in poison gas.
The centaur is poisoned.
The centaur hits you. The centaur kicks you.
* * * LOW HITPOINT WARNING * * *
You block the freezing wraith's attack. The freezing wraith barely misses you.
The centaur warrior looks even sicker.
The centaur warrior hits you!
* * * LOW HITPOINT WARNING * * *
The centaur warrior kicks you but does no damage.
The centaur warrior simulacrum hits you.
* * * LOW HITPOINT WARNING * * *
The centaur warrior simulacrum freezes you!!
* * * LOW HITPOINT WARNING * * *
Xom roars with laughter!
The centaur warrior simulacrum kicks you but does no damage.
The centaur warrior is engulfed in poison gas.
The centaur warrior looks even sicker.
The centaur warrior shoots an arrow.
You reflect the arrow off an invisible shield around you!
The arrow hits the centaur warrior!
The centaur is engulfed in poison gas.
The centaur looks even sicker.
The centaur hits you but does no damage.
You block the centaur's attack. The freezing wraith closely misses you.
The freezing wraith hits you!
You die...
Xom howls with laughter!

.........# .
.........#.....#######..
.....)...#.....+.......$
.........#.....#........
.........#.....#.?......
.........'.....#........
+#########...§§#........
§§§..§Z#######'##
§c§..§§@§§........######
§§§..§ccW§..............
.....§§§§§........###...
................. ..
................ .
#.............(
#..............
###############


You could see 2 centaur warriors, a freezing wraith, a centaur (very poisoned)
and a centaur warrior simulacrum.

Vanquished Creatures
  Arachne (Spider:2)
  Nikola (Spider:3)
  A sphinx (Vaults:1)
  Kirke (Shoals:3)
  3 vault wardens (Vaults:1)
  4 ghost moths (Spider:4)
  A deep elf sorcerer (Elf:1)
  An orc warlord (Elf:1)
  7 emperor scorpions
  Louise (Shoals:4)
  Aizul (Shoals:3)
  4 ironbound preservers (Vaults:1)
  A quicksilver ooze (Vaults:1)
  A deep elf demonologist (Elf:2)
  2 entropy weavers
  A minotaur (Gauntlet)
  3 deep elf annihilators
  A merfolk javelineer (Shoals:4)
  An ettin (Orc:2)
  3 fire dragons
  A deep elf high priest (Elf:2)
  Josephine (Lair:4)
  3 yaktaur captains (Vaults:1)
  3 ironbound thunderhulks (Vaults:1)
  A great orb of eyes (Vaults:1)
  8 vault guards
  6 merfolk impalers
  12 hydras
  Erolcha (Orc:2)
  2 catoblepae
  5 merfolk avatars
  An ogre mage (Orc:2)
  2 merfolk aquamancers (Shoals:3)
  4 boulder beetles
  Erica (D:9)
  3 ironbound frosthearts (Vaults:1)
  9 centaur warriors
  3 two-headed ogres
  A tengu warrior (D:14)
  An alligator (Lair:6)
  5 death yaks (Lair:5)
  18 dancing weapons
  Urug (Lair:3)
  A death knight (D:11)
  3 satyrs
  An orc high priest (Elf:1)
  11 deep elf knights
  2 fire crabs
  A skeletal warrior (D:14)
  A sixfirhy (Gauntlet)
  6 deep trolls
  11 sea snakes
  4 wizards
  2 phantasmal warriors
  10 deep elf archers
  7 ironbound convokers (Vaults:1)
  7 harpies
  11 orb spiders
  11 orc knights
  3 necromancers (D:13)
  24 deep elf pyromancers
  10 orc sorcerers
  13 deep elf zephyrmancers
  28 wolf spiders
  A shining eye (shapeshifter) (Spider:1)
  10 cyclopes
  12 manticores
  3 moths of wrath
  13 fauns
  3 vault sentinels (Vaults:1)
  9 ugly things
  A guardian serpent (shapeshifter) (Elf:1)
  12 elephants
  3 molten gargoyles (Lair:6)
  6 black mambas
  A gargoyle (D:11)
  4 torpor snails
  7 merfolk sirens
  14 cane toads
  An unseen horror (D:10)
  2 freezing wraiths (D:11)
  12 komodo dragons
  14 demonic crawlers
  A tengu conjurer (D:14)
  7 yaktaurs (Vaults:1)
  9 wind drakes
  2 meliai
  8 trolls
  7 hornets
  21 merfolk
  35 jumping spiders
  A wind drake (shapeshifter) (D:13)
  2 polar bears
  A blink frog (shapeshifter) (Lair:5)
  12 slime creatures (Vaults:1)
  6 snapping turtles
  4 dream sheep
  2 centaur simulacra (Gauntlet)
  59 redbacks
  4 vampires
  6 wraiths
  2 shadows
  6 air elementals
  A spriggan (shapeshifter) (D:13)
  12 water elementals
  23 yaks
  24 tarantellas
  12 wyverns
  2 gnoll sergeants
  6 hogs (Shoals:3)
  19 humans
  9 basilisks
  12 vampire mosquitoes
  2 steam dragons (Lair:6)
  Menkaure (D:6)
  3 wargs
  3 hell hounds (Lair:6)
  13 water moccasins
  2 floating eyes (shapeshifter) (D:14)
  2 black bears
  35 orc warriors
  6 ogres
  3 necrophages (D:4)
  A phantom (D:4)
  16 centaurs
  Blork the orc (D:4)
  3 kobold brigands
  13 bullfrogs
  6 scorpions
  An earth elemental (Elf:2)
  A hornet simulacrum (Gauntlet)
  6 killer bees (D:7)
  4 wights
  8 electric eels
  4 howler monkeys
  2 centaur zombies
  5 lava snakes (Lair:6)
  5 hounds
  A centaur skeleton (D:5)
  19 orc priests
  2 bullfrog skeletons
  A gnoll shaman (D:9)
  A jelly (D:6)
  A human zombie (D:4)
  Natasha (thrice) (D:2)
  Terence (D:2)
  A scorpion zombie (D:4)
  2 iguanas (D:4)
  35 orc wizards
  5 hell rats (Lair:6)
  A killer bee zombie (D:9)
  3 hound zombies
  3 mummies (D:4)
  2 howler monkey zombies
  Robin (D:4)
  24 gnolls
  13 adders
  A shadow imp (D:8)
  2 ufetubi (Gauntlet)
  An adder zombie (D:4)
  2 dart slugs (D:2)
  75 orcs
  4 ball pythons
  5 bats
  8 endoplasms
  5 giant cockroaches
  12 goblins
  6 hobgoblins
  9 jackals
  A frilled lizard (D:2)
  14 kobolds
  2 quokka zombies (D:1)
  A spectral hobgoblin (D:1)
1154 creatures vanquished.

Vanquished Creatures (collateral kills)
  Nergalle (Lair:3)
  A deep troll (Vaults:1)
  A wolf spider (Spider:2)
  A cane toad (Lair:1)
  4 dream sheep (Lair:3)
  3 yaks (Lair:3)
  A tarantella (Spider:2)
  A warg (D:11)
  2 centaurs
  A scorpion (D:6)
  2 wights (D:9)
  7 gnolls
25 creatures vanquished.

Vanquished Creatures (others)
  A deep troll (Vaults:1)
  A wizard (Vaults:1)
  A deep elf zephyrmancer (Elf:2)
  A hornet (D:10)
  An ogre (D:5)
  An orc priest (D:4)
  2 orc wizards
  3 orcs (D:4)
  26 fungi
  196 plants
  4 tentacles (Shoals:1)
  3 toadstools (D:8)
240 creatures vanquished.

Grand Total: 1419 creatures vanquished

Notes
Turn   | Place    | Note
-------+----------+-------------------------------------------
     0 | D:1      | ABBCCCDDDD the Gnoll Gladiator began the quest for the Orb.
     0 | D:1      | Reached XP level 1. HP: 20/20 MP: 1/1
   318 | D:1      | Found a faded altar of an unknown god.
   366 | D:1      | Became a worshipper of Xom of Chaos
   377 | D:1      | Reached XP level 2. HP: 26/26 MP: 2/2
   519 | D:1      | Reached XP level 3. HP: 31/31 MP: 3/3
   812 | D:2      | Noticed Natasha
   819 | D:2      | XOM: smoke on damage
   820 | D:2      | Killed Natasha
   821 | D:2      | Reached skill level 1 in Short Blades
   821 | D:2      | Reached skill level 1 in Long Blades
   821 | D:2      | Reached skill level 1 in Maces & Flails
   821 | D:2      | Reached skill level 1 in Polearms
   821 | D:2      | Reached skill level 1 in Staves
   821 | D:2      | Reached skill level 1 in Slings
   821 | D:2      | Reached skill level 1 in Bows
   821 | D:2      | Reached skill level 1 in Crossbows
   821 | D:2      | Reached skill level 1 in Armour
   821 | D:2      | Reached skill level 1 in Stealth
   821 | D:2      | Reached skill level 1 in Shields
   821 | D:2      | Reached skill level 1 in Unarmed Combat
   821 | D:2      | Reached skill level 1 in Spellcasting
   821 | D:2      | Reached skill level 1 in Invocations
   821 | D:2      | Reached skill level 1 in Evocations
  1039 | D:2      | XOM: silly message
  1189 | D:2      | Noticed Terence
  1196 | D:2      | Reached XP level 4. HP: 38/38 MP: 5/5
  1200 | D:2      | Killed Terence
  1201 | D:2      | Reached skill level 1 in Conjurations
  1201 | D:2      | Reached skill level 1 in Hexes
  1201 | D:2      | Reached skill level 1 in Summonings
  1201 | D:2      | Reached skill level 1 in Necromancy
  1201 | D:2      | Reached skill level 1 in Translocations
  1201 | D:2      | Reached skill level 1 in Transmutations
  1201 | D:2      | Reached skill level 1 in Fire Magic
  1201 | D:2      | Reached skill level 1 in Ice Magic
  1201 | D:2      | Reached skill level 1 in Air Magic
  1201 | D:2      | Reached skill level 1 in Earth Magic
  1201 | D:2      | Reached skill level 1 in Poison Magic
  1218 | D:2      | XOM: silly message
  1306 | D:2      | XOM: silly message
  1412 | D:2      | Reached XP level 5. HP: 41/43 MP: 4/6
  1450 | D:2      | XOM: god gift: book of Geomancy
  1515 | D:2      | Noticed Natasha
  1527 | D:2      | Killed Natasha
  1772 | D:2      | Noticed Natasha
  1780 | D:2      | Killed Natasha
  2035 | D:2      | Identified the ring "Haanloh" {rC- rCorr Int+6 Slay+2} (Xom
                  | gifted it to you on level 2 of the Dungeon)
  2035 | D:2      | XOM: god gift: ring "Haanloh" {rC- rCorr Int+6 Slay+2}
  2044 | D:2      | XOM: god gift: 29 arrows
  2350 | D:2      | XOM: god gift: brown potion {god gift}
  2360 | D:2      | XOM: god gift: battleaxe {god gift}
  2463 | D:3      | Found an iron altar of Okawaru.
  2480 | D:3      | Reached XP level 6. HP: 46/50 MP: 8/8
  2831 | D:3      | Reached skill level 5 in Fighting
  2831 | D:3      | Reached skill level 5 in Throwing
  3033 | D:3      | Found a glowing silver altar of Zin.
  3033 | D:3      | Noticed an angel
  3456 | D:3      | Found a broken altar of Ashenzari.
  3567 | D:4      | Learned a level 2 spell: Wereblood
  3567 | D:4      | Noticed Blork the orc
  3576 | D:4      | Reached XP level 7. HP: 52/56 MP: 7/10
  3578 | D:4      | Killed Blork the orc
  3632 | D:4      | Noticed Robin
  3646 | D:4      | Killed Robin
  3759 | D:4      | XOM: destruction
  3838 | D:4      | Identified the +6 hand axe "Guepy" {vorpal, rF++ rN+ Str-3}
  4114 | D:4      | XOM: god gift: 25 stones
  4462 | D:4      | XOM: god gift: scroll labelled FEVEYCEIHEI {god gift}
  4467 | D:4      | XOM: give mutation
  4467 | D:4      | Gained mutation: You passively dampen the noise of your
                  | surroundings. [Xom's grace]
  4733 | D:4      | Reached XP level 8. HP: 59/63 MP: 10/12
  4756 | D:4      | Found an ancient bone altar of Kikubaaqudgha.
  4911 | D:4      | XOM: divination: detect creatures
  5217 | D:4      | XOM: noise
  5224 | D:5      | Entered Level 5 of the Dungeon
  5224 | D:5      | Found a shimmering altar of Xom.
  5359 | D:5      | XOM: god gift: 3 datura-tipped darts
  5597 | D:5      | Found a white marble altar of Elyvilon.
  6070 | D:5      | Noticed Ijyb
  6109 | D:5      | Reached XP level 9. HP: 57/69 MP: 14/14
  6241 | D:6      | Found Ipnocir's Assorted Antiques.
  6249 | D:6      | Bought a scroll labelled GIEPSE EBYSCH for 30 gold pieces
  6249 | D:6      | Bought a scroll labelled USSIYT OHAEDGHI for 30 gold pieces
  6249 | D:6      | Bought a sedimented sapphire potion for 27 gold pieces
  6252 | D:6      | Found Zora's General Store.
  6268 | D:6      | XOM: cast spell 'Discord'
  6372 | D:6      | Found Nuhael's Jewellery Emporium.
  6372 | D:6      | XOM: 1-stop teleportation journey
  6418 | D:6      | Bought 2 potions of attraction for 60 gold pieces
  6418 | D:6      | Bought a scroll of identify for 20 gold pieces
  6418 | D:6      | Bought a scroll of identify for 20 gold pieces
  6437 | D:6      | XOM: polymorph ice beast -> jelly
  6453 | D:6      | Found a sparkling altar of Nemelex Xobeh.
  6464 | D:6      | Found Meirirri's Assorted Antiques.
  6467 | D:6      | Found Ulyrph's Distillery.
  6472 | D:6      | Bought a scroll labelled ZEMMEEHO OTHOC for 30 gold pieces
  6472 | D:6      | Bought a glowing black potion for 27 gold pieces
  6472 | D:6      | Bought a scroll labelled FAERYUSMOR for 30 gold pieces
  6477 | D:6      | Noticed Menkaure
  6493 | D:6      | Killed Menkaure
  6919 | D:6      | Found a staircase to the Ecumenical Temple.
  7041 | D:6      | XOM: noise
  7042 | D:6      | XOM: noise
  7231 | D:6      | XOM: potion effect (brilliance)
  7249 | D:6      | XOM: confuse monster(s)
  7255 | D:6      | XOM: confuse monster(s)
  7277 | D:6      | XOM: potion effect (might)
  7279 | D:6      | XOM: potion effect (magic)
  7355 | D:6      | XOM: confuse monster(s)
  7536 | D:6      | XOM: silly message
  7782 | D:7      | XOM: noise
  7898 | D:7      | Found a sacrificial altar of Ru.
  7940 | D:7      | XOM: potion effect (berserk rage)
  8004 | D:7      | XOM: confuse monster(s)
  8007 | D:7      | Reached skill level 5 in Invocations
  8267 | D:7      | XOM: 2-stop teleportation journey
  8390 | D:7      | XOM: cast spell 'Summon Horrible Things'
  8663 | D:7      | Found an opulent altar of Gozag.
  8848 | D:8      | Reached XP level 10. HP: 73/77 MP: 15/17
  8991 | D:8      | XOM: 7-stop teleportation journey
  9045 | D:8      | XOM: give mutation
  9045 | D:8      | Gained mutation: You are frail. (-10% HP) [Xom's mischief]
  9082 | D:8      | Reached skill level 5 in Short Blades
  9082 | D:8      | Reached skill level 5 in Long Blades
  9082 | D:8      | Reached skill level 5 in Maces & Flails
  9082 | D:8      | Reached skill level 5 in Polearms
  9082 | D:8      | Reached skill level 5 in Staves
  9082 | D:8      | Reached skill level 5 in Slings
  9082 | D:8      | Reached skill level 5 in Bows
  9082 | D:8      | Reached skill level 5 in Crossbows
  9082 | D:8      | Reached skill level 5 in Armour
  9082 | D:8      | Reached skill level 5 in Stealth
  9082 | D:8      | Reached skill level 5 in Shields
  9082 | D:8      | Reached skill level 5 in Unarmed Combat
  9082 | D:8      | Reached skill level 5 in Spellcasting
  9082 | D:8      | Reached skill level 5 in Evocations
  9152 | D:8      | Found a hazy altar of Hepliaklqana.
  9189 | D:8      | Identified a scroll of acquirement
  9190 | D:8      | Acquired the amulet "Fokhoub" {Reflect Rampage rF- Will+++
                  | SH+5 SInv}
  9687 | D:9      | XOM: cast spell 'Summon Dragon'
  9703 | D:9      | XOM: summons 5 hostile demons
 10261 | D:9      | XOM: give mutation
 10261 | D:9      | Gained mutation: Armour fits poorly on your strangely
                  | shaped body. [Xom's mischief]
 10345 | D:9      | XOM: summons 6 hostile demons
 10682 | D:9      | XOM: smoke on damage
 10808 | D:9      | XOM: summons 5 hostile demons
 10920 | D:9      | XOM: 3-stop teleportation journey
 10923 | D:9      | XOM: silly message
 10975 | D:9      | Noticed Erica
 10991 | D:9      | Killed Erica
 11055 | D:9      | XOM is BORED!
 11055 | D:9      | XOM: give mutations
 11055 | D:9      | Gained mutation: You are weak. (Str -2) [Xom's mischief]
 11055 | D:9      | Lost mutation: You are weak. (Str -2) [Xom's mischief]
 11055 | D:9      | Lost mutation: Armour fits poorly on your strangely shaped
                  | body. [Xom's mischief]
 11055 | D:9      | Gained mutation: Your body sometimes deteriorates upon
                  | taking damage. [Xom's mischief]
 11374 | D:9      | Found a blossoming altar of Fedhas.
 11374 | D:9      | Found a snail-covered altar of Cheibriados.
 11382 | D:9      | Found a basalt altar of Yredelemnul.
 11384 | D:9      | Found a faded altar of an unknown god.
 11386 | D:9      | Found a bloodstained altar of Trog.
 11576 | D:9      | Noticed a cyclops
 11588 | D:9      | XOM: noise
 11613 | D:9      | XOM: swap monsters
 11697 | D:9      | XOM: stat loss: -1 Str (13/14)
 11930 | D:10     | Entered Level 10 of the Dungeon
 11932 | D:10     | Noticed an unseen horror
 11946 | D:10     | Killed an unseen horror
 12024 | D:10     | XOM is BORED!
 12073 | D:10     | XOM: 4-stop teleportation journey
 12433 | D:10     | XOM: torment (41/71 hp)
 12476 | D:10     | XOM: god gift: phial of floods
 12635 | D:10     | Paralysed by a hornet for 1 turns
 12641 | D:10     | Paralysed by a hornet for 1 turns
 12644 | D:10     | Paralysed by a hornet for 3 turns
 12646 | D:10     | XOM: divine lightning
 13064 | D:10     | Reached XP level 11. HP: 63/75 MP: 19/19
 13431 | D:10     | XOM: cast spell 'Statue Form'
 13551 | D:10     | XOM: god gift: 23 arrows
 13780 | D:10     | XOM: god gift: 6 boomerangs of dispersal
 13867 | D:11     | Found a staircase to the Orcish Mines.
 13909 | D:11     | XOM: give mutations
 13909 | D:11     | Gained mutation: You have a pair of small horns on your
                  | head. [Xom's grace]
 13909 | D:11     | Gained mutation: You have an increased reservoir of magic.
                  | (+10% MP) [Xom's grace]
 13909 | D:11     | Gained mutation: You evolve. [Xom's grace]
 13909 | D:11     | Gained mutation: Your system is resistant to poisons.
                  | (rPois) [Xom's grace]
 13942 | D:11     | Noticed a manticore
 13952 | D:11     | Killed a manticore
 13953 | D:11     | Reached skill level 5 in Conjurations
 13953 | D:11     | Reached skill level 5 in Hexes
 13953 | D:11     | Reached skill level 5 in Summonings
 13953 | D:11     | Reached skill level 5 in Necromancy
 13953 | D:11     | Reached skill level 5 in Translocations
 13953 | D:11     | Reached skill level 5 in Transmutations
 13953 | D:11     | Reached skill level 5 in Fire Magic
 13953 | D:11     | Reached skill level 5 in Ice Magic
 13953 | D:11     | Reached skill level 5 in Air Magic
 13953 | D:11     | Reached skill level 5 in Earth Magic
 13953 | D:11     | Reached skill level 5 in Poison Magic
 14216 | D:11     | Found a staircase to the Lair.
 14232 | D:11     | XOM: summons 9 friendly demons
 14280 | D:11     | XOM: enchant monster (good)
 14626 | D:11     | XOM: give mutations
 14626 | D:11     | Gained mutation: Your muscles are strong. (Str +2) [Xom's
                  | grace]
 14626 | D:11     | Gained mutation: You are partially covered in iridescent
                  | scales. (AC +2) [Xom's grace]
 14626 | D:11     | Gained mutation: You have sharp toenails. [Xom's grace]
 14626 | D:11     | Gained mutation: You are mostly covered in iridescent
                  | scales. (AC +4) [Xom's grace]
 14736 | D:11     | Noticed a cyclops
 14736 | D:11     | XOM: enchant monster (good)
 14749 | D:11     | Killed a cyclops
 14829 | D:11     | Noticed a phantasmal warrior
 14830 | D:11     | Noticed a death knight
 14830 | D:11     | Noticed a phantasmal warrior
 14864 | Lair:1   | Entered Level 1 of the Lair of Beasts
 14865 | Lair:1   | XOM: cleaving
 14868 | Lair:1   | XOM: polymorph cane toad -> meliai
 14876 | Lair:1   | XOM: god gift: 14 bolts
 15070 | Lair:1   | XOM: god gift: granite ring {god gift}
 15143 | Lair:1   | XOM: cast spell 'Summon Horrible Things'
 15319 | Lair:1   | Noticed a seven-headed hydra
 15327 | Lair:1   | XOM: divination: detect items
 15332 | Lair:1   | Killed a one-headed hydra
 15380 | Lair:1   | Noticed a four-headed hydra
 15410 | Lair:1   | XOM: divination: detect items
 15578 | Lair:1   | Killed a one-headed hydra
 15664 | Lair:1   | XOM: potion effect (might)
 15680 | Lair:1   | XOM: god gift: 49 gold pieces
 15780 | Lair:1   | Acquired 746 gold pieces
 15876 | D:11     | XOM: summons friendly crimson imp
 15969 | D:6      | Bought 2 potions of heal wounds for 120 gold pieces
 15969 | D:6      | Bought a potion of haste for 120 gold pieces
 15969 | D:6      | Bought a potion of ambrosia for 96 gold pieces
 15969 | D:6      | Bought a potion of heal wounds for 60 gold pieces
 15969 | D:6      | Bought a potion of ambrosia for 96 gold pieces
 15969 | D:6      | Bought a potion of curing for 36 gold pieces
 15969 | D:6      | Bought a potion of invisibility for 96 gold pieces
 15976 | D:6      | Bought a scroll of teleportation for 90 gold pieces
 15976 | D:6      | Bought a bubbling silvery potion for 27 gold pieces
 15976 | D:6      | Bought a potion of heal wounds for 150 gold pieces
 16014 | D:6      | Bought a scroll of identify for 60 gold pieces
 16014 | D:6      | Bought a potion of heal wounds for 150 gold pieces
 16014 | D:6      | Bought a scroll of identify for 60 gold pieces
 16141 | D:11     | XOM: cleaving
 16160 | D:12     | XOM: silly message
 16161 | D:12     | XOM: enchant monster (good)
 16164 | D:12     | Killed a phantasmal warrior
 16332 | D:12     | Noticed a two-headed ogre
 16334 | D:12     | XOM: noise
 16367 | D:12     | Noticed a cyclops
 16372 | D:12     | XOM: cast spell 'Metabolic Englaciation'
 16478 | D:12     | XOM: 1-stop teleportation journey
 16494 | D:12     | Reached XP level 12. HP: 46/84 MP: 24/24
 16714 | D:12     | Identified the +1 chain mail of Leapfrog {Rampage +Blink
                  | Str+3}
 16763 | D:12     | XOM: summons 2 friendly demons
 16779 | D:12     | Found Vadghefi's Distillery.
 16806 | D:12     | XOM: cloud trail
 16999 | D:12     | XOM: silly message
 17196 | D:12     | XOM: silly message
 17217 | D:12     | XOM: divination: magic mapping
 17229 | D:12     | XOM: confuse monster(s)
 17237 | D:12     | XOM: summons friendly shadow imp
 17240 | D:12     | Killed a two-headed ogre
 17611 | Lair:1   | XOM: draining
 17613 | Lair:1   | XOM: give mutations
 17613 | Lair:1   | Gained mutation: You sometimes lose the ability to read
                  | scrolls when taking damage. [Xom's mischief]
 17613 | Lair:1   | Lost mutation: You sometimes lose the ability to read
                  | scrolls when taking damage. [Xom's mischief]
 17613 | Lair:1   | Lost mutation: Your muscles are strong. (Str +2) [Xom's
                  | mischief]
 17613 | Lair:1   | Lost mutation: You have sharp toenails. [Xom's mischief]
 18092 | Lair:2   | Found a gate leading to a gauntlet.
 18126 | Gauntlet | Entered a Gauntlet
 18126 | Gauntlet | Found a transporter.
 18126 | Gauntlet | Found a transporter.
 18131 | Gauntlet | Found a runed translucent gate.
 18132 | Gauntlet | Found a transporter.
 18132 | Gauntlet | Found a runed translucent gate.
 18135 | Gauntlet | Found a transporter.
 18135 | Gauntlet | Found a transporter.
 18137 | Gauntlet | Found a runed translucent gate.
 18139 | Gauntlet | Found a transporter.
 18160 | Gauntlet | Found a transporter.
 18197 | Gauntlet | Found a transporter.
 18198 | Gauntlet | Found a transporter.
 18198 | Gauntlet | Found a transporter.
 18212 | Gauntlet | Noticed a blizzard demon
 18215 | Gauntlet | Found a transporter.
 18225 | Gauntlet | Noticed a death yak
 18226 | Gauntlet | Noticed a death yak
 18226 | Gauntlet | Noticed a death yak
 18228 | Gauntlet | Found a transporter.
 18229 | Gauntlet | Noticed a death yak
 18235 | Gauntlet | Found a runed translucent door.
 18239 | Gauntlet | Found a transporter.
 18239 | Gauntlet | Noticed a death yak
 18241 | Gauntlet | Noticed a death yak
 18242 | Gauntlet | XOM: draining
 18247 | Gauntlet | Noticed a death yak
 18252 | Gauntlet | Found a transporter.
 18350 | Gauntlet | XOM: confusion
 18624 | Gauntlet | Noticed a minotaur
 18628 | Gauntlet | XOM: enchant monster (bad)
 18631 | Gauntlet | XOM: noise
 18639 | Gauntlet | Killed a minotaur
 18655 | Gauntlet | XOM: god gift: potion of cancellation
 18813 | Lair:2   | XOM: butterfly on damage
 18816 | Lair:2   | Reached skill level 10 in Axes
 18816 | Lair:2   | Reached skill level 10 in Dodging
 19531 | Lair:2   | XOM: god gift: eveningstar {god gift}
 19733 | Lair:2   | Noticed an eight-headed hydra
 19740 | Lair:2   | Killed a seven-headed hydra
 19823 | Lair:3   | Found a hole to the Spider Nest.
 19843 | Lair:3   | Noticed Nergalle
 19847 | Lair:3   | XOM: silly message
 19850 | Lair:3   | XOM: summons friendly sixfirhy
 19855 | Lair:3   | Killed Nergalle
 19953 | Lair:3   | Noticed Urug
 19961 | Lair:3   | Killed Urug
 20025 | Lair:3   | Noticed an eight-headed hydra
 20030 | Lair:3   | Reached XP level 13. HP: 71/90 MP: 27/27
 20174 | Lair:3   | XOM: cast spell 'Summon Dragon'
 20343 | Lair:3   | Gained mutation: You are agile. (Dex +2) [evolution]
 20390 | Lair:3   | Identified the +11 flail of Evisceration {freeze, rPois rN+
                  | Int+6}
 20396 | Lair:3   | Learned a level 2 spell: Passwall
 20400 | Lair:3   | Learned a level 3 spell: Swiftness
 20501 | Lair:3   | XOM: noise
 20504 | Lair:3   | XOM: enchant monster (bad)
 20506 | Lair:3   | XOM: potion effect (brilliance)
 20522 | Lair:3   | XOM: god gift: Xom's Papyrus of the Eleven Ears {god gift}
 20523 | Lair:3   | Got Xom's Papyrus of the Eleven Ears {god gift}
 20592 | Lair:3   | XOM: summons 4 friendly demons
 20595 | Lair:3   | XOM: summons 4 hostile shadow creatures
 21285 | Lair:4   | XOM: 2-stop teleportation journey
 21312 | Lair:4   | XOM: blink monster(s)
 21382 | Lair:4   | XOM: give mutation
 21382 | Lair:4   | Gained mutation: You are very frail. (-20% HP) [Xom's
                  | mischief]
 21399 | Lair:4   | Noticed Josephine
 21405 | Lair:4   | XOM: chaos upgrade
 21408 | Lair:4   | Killed Josephine
 21465 | Lair:4   | XOM: 2-stop teleportation journey
 21473 | Lair:4   | XOM: potion effect (invisibility)
 21605 | Lair:4   | XOM: divination: detect items
 21658 | Lair:4   | XOM: confuse monster(s)
 21679 | Lair:4   | XOM: give mutation
 21679 | Lair:4   | Lost mutation: You are very frail. (-20% HP) [Xom's
                  | mischief]
 21797 | Lair:4   | Found a staircase to the Shoals.
 21857 | Lair:4   | XOM: 3-stop teleportation journey
 22050 | Lair:4   | XOM: scenery: summon butterflies
 22357 | Lair:4   | XOM: give mutations
 22357 | Lair:4   | Gained mutation: You are partially covered in large bone
                  | plates. (SH +4) [Xom's grace]
 22357 | Lair:4   | Gained mutation: Your flesh is cold resistant. (rC+) [Xom's
                  | grace]
 22357 | Lair:4   | Gained mutation: You are completely covered in iridescent
                  | scales. (AC +6) [Xom's grace]
 22357 | Lair:4   | Gained mutation: Your flesh is very cold resistant. (rC++)
                  | [Xom's grace]
 22577 | Lair:5   | XOM: confuse monster(s)
 22776 | Lair:5   | XOM: destruction
 22968 | Lair:5   | XOM: polymorph six-headed hydra -> shapeshifter
 23090 | Lair:5   | Found a staircase to the Slime Pits.
 23230 | Lair:5   | Reached XP level 14. HP: 90/98 MP: 29/29
 23277 | Lair:5   | Reached skill level 10 in Fighting
 23277 | Lair:5   | Reached skill level 10 in Throwing
 23288 | Lair:5   | XOM: scenery: 1 doors open
 23407 | Lair:5   | XOM: god gift: staff of poison
 23449 | Lair:5   | XOM: god gift: staff of earth
 23594 | Lair:5   | XOM: cloud trail
 23681 | Lair:6   | Entered Level 6 of the Lair of Beasts
 23825 | Lair:6   | XOM: scenery: 1 doors open
 23829 | Lair:6   | XOM: summons friendly crimson imp
 24153 | Lair:6   | XOM: give mutation
 24153 | Lair:6   | Lost mutation: You are frail. (-10% HP) [Xom's mischief]
 24196 | Lair:6   | XOM: swap monsters
 24201 | Lair:6   | XOM: enchant monster (good)
 24255 | Lair:6   | Reached skill level 10 in Invocations
 24404 | Lair:6   | XOM: torment (62/110 hp)
 24836 | Lair:6   | XOM: enchant monster (bad)
 24847 | Lair:6   | XOM: silly message
 24986 | Lair:6   | XOM: summons 3 hostile demons
 25059 | Lair:6   | Found a large runed translucent door.
 25106 | Lair:6   | XOM: scenery: summon butterflies
 25173 | Lair:6   | XOM: stat loss: -1 Str (17/18)
 25189 | Lair:6   | Found a large runed translucent door.
 25723 | D:11     | XOM: noise
 25738 | D:11     | XOM: noise
 25973 | D:11     | Gained mutation: Your spells are a little harder to cast,
                  | but a little more powerful. [evolution]
 26224 | Orc:1    | Entered Level 1 of the Orcish Mines
 26238 | Orc:1    | XOM: 1-stop teleportation journey
 26266 | Orc:1    | XOM: chaos upgrade
 26337 | Orc:1    | XOM: summons 8 hostile demons
 26498 | Orc:2    | Entered Level 2 of the Orcish Mines
 26830 | Orc:1    | XOM: chaos cloud
 26836 | Orc:1    | XOM: confusion
 26837 | Orc:1    | XOM: blink monster(s)
 27077 | Orc:1    | Reached XP level 15. HP: 117/117 MP: 31/31
 27387 | Orc:1    | XOM: summons 8 hostile demons
 27416 | D:11     | XOM: draining
 27671 | Orc:2    | XOM: blink monster(s)
 27765 | Orc:2    | XOM: polymorph orc knight -> black bear
 28092 | Orc:2    | Found Pyziujic's Distillery.
 28126 | Orc:2    | Bought a potion of haste for 160 gold pieces
 28126 | Orc:2    | Bought a potion of haste for 160 gold pieces
 28126 | Orc:2    | Bought a potion of curing for 48 gold pieces
 28126 | Orc:2    | Bought a potion of curing for 48 gold pieces
 28126 | Orc:2    | Bought a potion of heal wounds for 80 gold pieces
 28126 | Orc:2    | Bought a potion of curing for 48 gold pieces
 28139 | Orc:2    | Found a radiant altar of Vehumet.
 28140 | Orc:2    | Noticed Erolcha
 28153 | Orc:2    | Found Deeluasm's Book Emporium.
 28158 | Orc:2    | Killed Erolcha
 28247 | Orc:2    | XOM: 4-stop teleportation journey
 28267 | Orc:2    | XOM: swap monsters
 28339 | Orc:2    | Found a staircase to the Elven Halls.
 28524 | Orc:2    | Found an ancient bone altar of Kikubaaqudgha.
 28554 | Orc:2    | Found Hin Ezuk's Antique Armour Shoppe.
 28558 | Orc:2    | XOM: 7-stop teleportation journey
 28668 | Orc:2    | XOM: enchant monster (bad)
 28676 | Orc:2    | XOM: confusion
 28684 | Orc:2    | Gained mutation: You rapidly evolve. [evolution]
 28690 | Orc:2    | Found Xesuunij's Book Shoppe.
 28735 | Orc:2    | XOM: give mutations
 28735 | Orc:2    | Lost mutation: Your body sometimes deteriorates upon taking
                  | damage. [Xom's mischief]
 28735 | Orc:2    | Lost mutation: You have a pair of small horns on your head.
                  | [Xom's mischief]
 28765 | Orc:2    | XOM: silly message
 28954 | Spider:1 | Entered Level 1 of the Spider Nest
 28962 | Spider:1 | XOM: summons 2 hostile demons
 29391 | Spider:1 | XOM: polymorph redback -> glowing shapeshifter
 29396 | Spider:1 | XOM: chaos cloud
 29536 | Lair:3   | XOM: summons 1 hostile shadow creature
 29658 | Spider:1 | Reached skill level 10 in Short Blades
 29658 | Spider:1 | Reached skill level 10 in Long Blades
 29658 | Spider:1 | Reached skill level 10 in Maces & Flails
 29658 | Spider:1 | Reached skill level 10 in Polearms
 29658 | Spider:1 | Reached skill level 10 in Staves
 29658 | Spider:1 | Reached skill level 10 in Slings
 29658 | Spider:1 | Reached skill level 10 in Bows
 29658 | Spider:1 | Reached skill level 10 in Crossbows
 29658 | Spider:1 | Reached skill level 10 in Armour
 29658 | Spider:1 | Reached skill level 10 in Stealth
 29658 | Spider:1 | Reached skill level 10 in Shields
 29658 | Spider:1 | Reached skill level 10 in Unarmed Combat
 29658 | Spider:1 | Reached skill level 10 in Spellcasting
 29658 | Spider:1 | Reached skill level 10 in Evocations
 29714 | Spider:1 | XOM: confusion
 29717 | Spider:1 | XOM: noise
 29815 | Spider:1 | XOM: swap monsters
 29840 | Spider:1 | Noticed an emperor scorpion
 30040 | Spider:1 | an emperor scorpion changed into a fire dragon
 30040 | Spider:1 | XOM: polymorph emperor scorpion -> fire dragon
 30045 | Spider:1 | XOM: give mutation
 30045 | Spider:1 | Gained mutation: You possess an exceptional clarity of
                  | mind. [Xom's grace]
 30262 | Spider:1 | XOM: 2-stop teleportation journey
 30285 | Lair:3   | XOM: stat loss: -1 Dex (14/15)
 30419 | Spider:1 | XOM: confuse monster(s)
 30431 | Spider:1 | Found a runed translucent door.
 30442 | Spider:1 | XOM: polymorph orb spider -> hornet
 30448 | Spider:1 | XOM: scenery: create altars
 30486 | Spider:1 | XOM: summons 3 friendly demons
 30750 | Spider:1 | XOM: summons 1 hostile shadow creature
 30839 | Spider:1 | XOM: blink monster(s)
 31081 | Spider:1 | Identified the +2 war axe "Juner" {spect, Contam rN+ Str+3}
 31089 | Spider:1 | XOM: noise
 31288 | Spider:2 | Noticed Arachne
 31301 | Spider:2 | Killed Arachne
 31414 | Spider:1 | XOM: stat loss: -1 Dex (14/15)
 31554 | Spider:2 | XOM: confuse monster(s)
 31556 | Spider:2 | XOM: cast spell 'Alistair's Intoxication'
 31559 | Spider:2 | XOM: enchant monster (good)
 31571 | Spider:2 | XOM: cast spell 'Statue Form'
 32045 | Spider:2 | XOM: cast spell 'Alistair's Intoxication'
 32051 | Spider:2 | XOM: potion effect (berserk rage)
 32053 | Spider:2 | XOM: noise
 32083 | Spider:2 | XOM: enchant monster (bad)
 32087 | Spider:2 | XOM: enchant monster (good)
 32094 | Spider:2 | Reached XP level 16. HP: 35/125 MP: 33/33
 32417 | Spider:2 | XOM: enchant monster (good)
 32421 | Spider:2 | XOM: silly message
 32565 | Spider:2 | XOM: give mutation
 32565 | Spider:2 | Lost mutation: You are completely covered in iridescent
                  | scales. (AC +6) [Xom's mischief]
 32573 | Spider:2 | XOM: swap monsters
 32914 | Spider:2 | XOM: blink monster(s)
 32942 | Spider:2 | XOM: swap monsters
 33001 | Spider:2 | XOM: silly message
 33057 | Spider:2 | XOM: noise
 33129 | Spider:2 | Lost mutation: Your system is resistant to poisons. (rPois)
                  | [evolution]
 33136 | Spider:2 | XOM: swap monsters
 33666 | Spider:3 | XOM is BORED!
 33666 | Spider:3 | XOM: noise
 33669 | Spider:3 | XOM: summons 5 friendly demons
 33738 | Spider:3 | XOM: 2-stop teleportation journey
 33841 | Spider:3 | Acquired 426 gold pieces
 33976 | Spider:3 | XOM: scenery: create altars
 33986 | Spider:3 | XOM: scenery: create altars
 34018 | Spider:3 | XOM is BORED!
 34018 | Spider:3 | XOM: summons 9 hostile demons
 34081 | Spider:3 | XOM: 3-stop teleportation journey
 34133 | Spider:3 | XOM: give mutations
 34133 | Spider:3 | Gained mutation: You are very agile. (Dex +4) [Xom's grace]
 34133 | Spider:3 | Gained mutation: Your muscles are strong. (Str +2) [Xom's
                  | grace]
 34133 | Spider:3 | Gained mutation: You are strong-willed. (Will+) [Xom's
                  | grace]
 34133 | Spider:3 | Gained mutation: You have a pair of small horns on your
                  | head. [Xom's grace]
 34244 | Spider:3 | XOM: scenery: create altars
 34260 | Spider:3 | Noticed Nikola
 34266 | Spider:3 | XOM: summons 5 friendly demons
 34269 | Spider:3 | Killed Nikola
 34521 | Spider:3 | XOM: god gift: hand crossbow {god gift}
 34831 | Spider:4 | Entered Level 4 of the Spider Nest
 34837 | Spider:4 | XOM: fog
 34846 | Spider:4 | XOM: summons 2 friendly demons
 34907 | Spider:4 | XOM: divination: magic mapping
 34979 | Spider:4 | XOM: potion effect (curing)
 35047 | Spider:4 | XOM: summons friendly white imp
 35668 | Spider:4 | XOM: fake destruction
 35669 | Spider:4 | XOM: potion effect (invisibility)
 35890 | Spider:4 | XOM: silly message
 36167 | Spider:4 | Got a gossamer rune of Zot
 36221 | Spider:4 | Reached XP level 17. HP: 133/133 MP: 35/35
 36304 | Spider:4 | XOM: polymorph wolf spider -> faun
 36326 | Spider:4 | XOM: silly message
 36346 | Spider:4 | XOM: confuse monster(s)
 36643 | Spider:4 | Noticed Donald
 36796 | Shoals:1 | Entered Level 1 of the Shoals
 36798 | Shoals:1 | Noticed a kraken
 36802 | Shoals:1 | XOM: noise
 36844 | Shoals:1 | Learned a level 4 spell: Airstrike
 37072 | Shoals:1 | XOM: silly message
 37461 | Shoals:2 | XOM: silly message
 37795 | Shoals:2 | Found an ancient bone altar of Kikubaaqudgha.
 37884 | Shoals:3 | Noticed Aizul
 37898 | Shoals:3 | XOM: confuse monster(s)
 37903 | Shoals:3 | Killed Aizul
 38226 | Shoals:3 | XOM: repel stairs
 38438 | Shoals:3 | XOM: give mutations
 38438 | Shoals:3 | Lost mutation: You possess an exceptional clarity of mind.
                  | [Xom's mischief]
 38438 | Shoals:3 | Lost mutation: You are strong-willed. (Will+) [Xom's
                  | mischief]
 38438 | Shoals:3 | Lost mutation: You rapidly evolve. [Xom's mischief]
 38537 | Shoals:4 | Entered Level 4 of the Shoals
 38545 | Shoals:4 | XOM: draining
 38547 | Shoals:4 | XOM: polymorph merfolk siren -> elephant
 38571 | Shoals:4 | XOM: 2-stop teleportation journey
 38573 | Shoals:4 | XOM: summons 3 hostile demons
 38578 | Shoals:4 | XOM: give mutations
 38578 | Shoals:4 | Gained mutation: Armour fits poorly on your strangely
                  | shaped body. [Xom's mischief]
 38578 | Shoals:4 | Lost mutation: You are very agile. (Dex +4) [Xom's
                  | mischief]
 38578 | Shoals:4 | Lost mutation: You have a pair of small horns on your head.
                  | [Xom's mischief]
 38590 | Shoals:4 | XOM: 1-stop teleportation journey
 38632 | Shoals:4 | XOM: enchant monster (bad)
 38642 | Shoals:4 | XOM: summons 6 friendly demons
 38699 | Shoals:4 | Lost mutation: You evolve. [evolution]
 38847 | Shoals:4 | XOM: confusion (+ monsters)
 38926 | Shoals:4 | XOM: give mutations
 38926 | Shoals:4 | Lost mutation: You are agile. (Dex +2) [Xom's mischief]
 38926 | Shoals:4 | Lost mutation: You are mostly covered in iridescent scales.
                  | (AC +4) [Xom's mischief]
 39094 | Shoals:4 | Found a runed translucent gate.
 39095 | Shoals:4 | Found a runed translucent gate.
 39101 | Shoals:4 | Found a runed translucent gate.
 39101 | Shoals:4 | Noticed Lianjan's ghost (adept MiGl)
 39101 | Shoals:4 | Noticed qdestroyer's ghost (journeyman MiFi)
 39101 | Shoals:4 | Noticed Zipteul's ghost (adept NaBe)
 39101 | Shoals:4 | Noticed Isaraitt's ghost (journeyman HOFi)
 39101 | Shoals:4 | Noticed Loidof's ghost (adept MiFi)
 39152 | Shoals:4 | Noticed Louise
 39166 | Shoals:4 | Killed Louise
 39349 | Shoals:4 | Reached skill level 10 in Conjurations
 39349 | Shoals:4 | Reached skill level 10 in Hexes
 39349 | Shoals:4 | Reached skill level 10 in Summonings
 39349 | Shoals:4 | Reached skill level 10 in Necromancy
 39349 | Shoals:4 | Reached skill level 10 in Translocations
 39349 | Shoals:4 | Reached skill level 10 in Transmutations
 39349 | Shoals:4 | Reached skill level 10 in Fire Magic
 39349 | Shoals:4 | Reached skill level 10 in Ice Magic
 39349 | Shoals:4 | Reached skill level 10 in Air Magic
 39349 | Shoals:4 | Reached skill level 10 in Earth Magic
 39349 | Shoals:4 | Reached skill level 10 in Poison Magic
 39355 | Shoals:4 | Identified the +5 hand crossbow of the Valley {freeze,
                  | Fragile Str+4}
 39357 | Shoals:4 | XOM: silly message
 39801 | Shoals:3 | XOM: give mutation
 39801 | Shoals:3 | Lost mutation: You passively dampen the noise of your
                  | surroundings. [Xom's mischief]
 39831 | Shoals:4 | XOM: smoke on damage
 39845 | Shoals:4 | XOM: polymorph faun -> redback
 39868 | Shoals:4 | Identified the +3 glaive of Hurimnon {vorpal, +Blink Str-3
                  | Dex-2 SInv}
 39949 | Shoals:4 | XOM: summons 2 friendly demons
 39964 | Shoals:4 | XOM: potion effect (invisibility)
 40010 | Shoals:4 | Noticed Bai Suzhen
 40051 | Shoals:3 | XOM: scenery: summon butterflies
 40292 | Shoals:3 | Noticed Kirke
 40300 | Shoals:3 | Killed Kirke
 40302 | Shoals:3 | XOM: summons 4 friendly demons
 40333 | Shoals:3 | XOM: 5-stop teleportation journey
 40459 | Shoals:3 | XOM: 1-stop teleportation journey
 40469 | Shoals:3 | XOM: silly message
 40534 | Shoals:3 | XOM: fog
 40572 | Shoals:4 | XOM: smoke on damage
 40694 | Shoals:4 | XOM: 1-stop teleportation journey
 40713 | Shoals:4 | XOM: noise
 40797 | Shoals:4 | XOM: 2-stop teleportation journey
 40798 | Shoals:4 | Identified the +1 chain mail of Kikubaaqudgha {Harm rPois
                  | rN+ Str-5}
 40820 | Shoals:4 | Reached XP level 18. HP: 110/142 MP: 37/37
 40937 | Shoals:4 | XOM: 1-stop teleportation journey
 41093 | Shoals:4 | Got a barnacled rune of Zot
 41169 | Shoals:4 | XOM: polymorph wind drake -> manticore
 41757 | D:13     | Found a radiant altar of Vehumet.
 41875 | D:13     | XOM: draining
 42173 | D:13     | Identified the +7 tower shield "Wimpitiv" {rN+ Dex+6}
 42398 | D:13     | Found a gate to the Vaults.
 42403 | D:13     | XOM: polymorph human -> glowing shapeshifter
 42432 | D:13     | XOM: confuse monster(s)
 42436 | D:13     | XOM: chaos cloud
 42555 | D:13     | XOM: give mutations
 42555 | D:13     | Gained mutation: You are dopey. (Int -2) [Xom's mischief]
 42555 | D:13     | Lost mutation: You have an increased reservoir of magic.
                  | (+10% MP) [Xom's mischief]
 42555 | D:13     | Gained mutation: You are clumsy. (Dex -2) [Xom's mischief]
 43066 | D:14     | XOM: 8-stop teleportation journey
 43369 | D:13     | XOM: summons 1 hostile demon
 43496 | D:13     | XOM: summons 10 hostile demons
 43505 | D:13     | XOM: silly message
 43709 | D:13     | XOM: draining
 43767 | D:13     | XOM: give mutations
 43767 | D:13     | Gained mutation: You occasionally shout uncontrollably at
                  | your foes. [Xom's mischief]
 43767 | D:13     | Lost mutation: Your muscles are strong. (Str +2) [Xom's
                  | mischief]
 43767 | D:13     | Lost mutation: You are clumsy. (Dex -2) [Xom's mischief]
 43767 | D:13     | Gained mutation: You are very dopey. (Int -4) [Xom's
                  | mischief]
 43811 | D:13     | XOM: stat loss: -1 Int (20/21)
 43901 | Vaults:1 | Entered Level 1 of the Vaults
 43933 | Vaults:1 | XOM: confusion
 44133 | Vaults:1 | XOM: 1-stop teleportation journey
 44140 | Vaults:1 | XOM: stat loss: -1 Str (22/23)
 44151 | Vaults:1 | XOM: 3-stop teleportation journey
 44156 | Vaults:1 | XOM: enchant monster (bad)
 44237 | Vaults:1 | XOM: god gift: 29 gold pieces
 44379 | Vaults:1 | XOM: scenery: 1 doors open, 3 doors close
 44385 | Vaults:1 | XOM: polymorph vault guard -> quicksilver ooze
 44508 | Vaults:1 | XOM: give mutations
 44508 | Vaults:1 | Gained mutation: You are strong-willed. (Will+) [Xom's
                  | grace]
 44508 | Vaults:1 | Gained mutation: You have sharp toenails. [Xom's grace]
 44755 | Vaults:1 | XOM: cast spell 'Call Canine Familiar'
 44764 | Vaults:1 | XOM: god gift: 14 stones
 44860 | Vaults:1 | XOM: summons 12 friendly demons
 44880 | Vaults:1 | XOM: divine lightning
 44883 | Vaults:1 | XOM: enchant monster (good)
 45125 | Vaults:1 | XOM: destruction
 45128 | Vaults:1 | XOM: potion effect (curing)
 45304 | Vaults:1 | XOM: give mutations
 45304 | Vaults:1 | Gained mutation: Your spells are harder to cast, but more
                  | powerful. [Xom's grace]
 45304 | Vaults:1 | Gained mutation: You have extremely sharp teeth. [Xom's
                  | grace]
 45344 | Vaults:1 | XOM: stat loss: -1 Int (20/21)
 45359 | Vaults:1 | Reached XP level 19. HP: 97/149 MP: 35/35
 45654 | Vaults:1 | XOM: stat loss: -1 Int (19/21)
 45746 | Vaults:1 | XOM: confusion
 45772 | Vaults:1 | XOM: torment (91/149 hp)
 45773 | Vaults:1 | XOM: noise
 46124 | Vaults:1 | XOM: noise
 46440 | Vaults:2 | XOM: polymorph orc warlord -> fire dragon
 46449 | Vaults:1 | XOM: swap monsters
 46800 | Elf:1    | Entered Level 1 of the Elven Halls
 46806 | Elf:1    | XOM: polymorph deep elf archer -> deep troll
 46875 | Elf:1    | Found a radiant altar of Vehumet.
 46882 | Elf:1    | XOM: polymorph deep elf pyromancer -> fire crab
 46886 | Elf:1    | XOM: enchant monster (bad)
 46961 | Orc:2    | XOM: silly message
 47483 | Elf:1    | XOM: silly message
 47795 | Elf:1    | XOM: god gift: 1175 gold pieces
 47808 | Elf:1    | Identified the +6 dire flail of Foul Odors {flame, Str+5}
 47932 | Elf:1    | XOM: god gift: robe {god gift}
 48209 | Elf:1    | XOM: divination: detect items
 48623 | Elf:1    | Paralysed by an air elemental for 1 turns
 48627 | Elf:1    | Paralysed by an air elemental for 1 turns
 48632 | Elf:1    | Paralysed by an air elemental for 1 turns
 48729 | Elf:1    | XOM: cast spell 'Summon Ice Beast'
 48733 | Elf:1    | XOM: noise
 48734 | Elf:1    | XOM: noise
 48738 | Elf:1    | XOM: noise
 48769 | Elf:1    | XOM: potion effect (brilliance)
 48883 | Elf:1    | XOM: scenery: summon butterflies
 48906 | Elf:1    | Paralysed by an air elemental for 1 turns
 49064 | Elf:1    | Paralysed by an air elemental for 1 turns
 49072 | Elf:1    | Paralysed by an air elemental for 1 turns
 49183 | Elf:1    | XOM: noise
 49403 | Elf:1    | XOM: divination: magic mapping
 49476 | Elf:1    | XOM: destruction
 49476 | Elf:1    | Paralysed by an air elemental for 1 turns
 49479 | Elf:1    | Paralysed by an air elemental for 1 turns
 49486 | Elf:1    | Paralysed by an air elemental for 1 turns
 49745 | Elf:1    | XOM: cloud trail
 49789 | Elf:1    | XOM: 1-stop teleportation journey
 50073 | Elf:1    | XOM: noise
 50074 | Elf:1    | Lost mutation: You are very dopey. (Int -4) [potion of
                  | mutation]
 50074 | Elf:1    | Lost mutation: You are dopey. (Int -2) [potion of mutation]
 50074 | Elf:1    | Gained mutation: You are frail. (-10% HP) [potion of
                  | mutation]
 50074 | Elf:1    | Lost mutation: Your spells are harder to cast, but more
                  | powerful. [potion of mutation]
 50074 | Elf:1    | Gained mutation: Your spells are harder to cast, but more
                  | powerful. [potion of mutation]
 50075 | Elf:1    | Lost mutation: You are partially covered in iridescent
                  | scales. (AC +2) [potion of mutation]
 50075 | Elf:1    | Lost mutation: Your spells are harder to cast, but more
                  | powerful. [potion of mutation]
 50075 | Elf:1    | Lost mutation: You are partially covered in large bone
                  | plates. (SH +4) [potion of mutation]
 50075 | Elf:1    | Gained mutation: You are resistant to electric shocks.
                  | (rElec) [potion of mutation]
 50404 | Elf:2    | XOM: confusion
 50415 | Elf:2    | XOM: draining
 50486 | Elf:2    | Paralysed by an air elemental for 1 turns
 50490 | Elf:2    | Paralysed by an air elemental for 1 turns
 50497 | Elf:2    | XOM: give mutations
 50497 | Elf:2    | Lost mutation: Your spells are a little harder to cast, but
                  | a little more powerful. [Xom's mischief]
 50497 | Elf:2    | Lost mutation: You are frail. (-10% HP) [Xom's mischief]
 50582 | Elf:2    | XOM: torment (61/151 hp)
 50719 | Elf:2    | XOM: stat loss: -1 Dex (18/19)
 50915 | Elf:2    | XOM: blink monster(s)
 50916 | Elf:2    | XOM: polymorph deep elf pyromancer -> wind drake
 51855 | Elf:2    | XOM: noise
 51880 | Elf:3    | Entered Level 3 of the Elven Halls
 52008 | Elf:3    | XOM: silly message
 52203 | Elf:2    | Reached XP level 20. HP: 148/158 MP: 37/37
 52238 | Elf:2    | XOM: stat loss: -1 Int (24/25)
 52339 | Elf:2    | Found Romnygus's Antique Armour Boutique.
 52339 | Elf:2    | XOM: 1-stop teleportation journey
 52490 | Elf:2    | Bought a pair of runed boots for 202 gold pieces
 52749 | Elf:2    | XOM: 4-stop teleportation journey
 52752 | Elf:2    | XOM: 1-stop teleportation journey
 52823 | Elf:2    | Found a runed translucent gate.
 52824 | Elf:2    | Found a runed translucent gate.
 52824 | Elf:2    | Found a runed translucent gate.
 53093 | Orc:2    | XOM: stat loss: -1 Int (24/25)
 53427 | D:14     | XOM: 1-stop teleportation journey
 53431 | D:14     | Paralysed by a floating eye for 3 turns
 53459 | D:14     | XOM: silly message
 53465 | D:14     | Slain by a freezing wraith

Illustrated notes

Levels and vault maps discovered:
D:1:      saegor_arrival_fortress, layout_basic,
          dreamdust_ecumenical_altar_drowned_temple
D:2:      layout_loops_corners, uniq_natasha, uniq_terence
D:3:      layout_basic, zin_angel, marbit_many_paths, okawaru_ov_weapons_minmay
D:4:      layout_cave_pods, lemuel_mausoleum_altar_kikubaaqudgha,
          uniq_blork_the_orc, uniq_robin
D:5:      cheibrodos_two_vegetables, layout_layer_cave,
          mainiacjoe_overflow_alcove_1, elyvilon_altar_1, lemuel_old_faithful,
          uniq_ijyb
D:6:      black_bear_nest_2, layout_rooms, nemelex_xobeh_ov_fountains_minmay,
          minmay_temple_entry_waves, serial_shops, nicolae_shop_trees,
          nicolae_square_shop, shop, nicolae_shop_overgrown_old_shop,
          nicolae_shop_behind_doors, interstate_on_off, uniq_menkaure
D:7:      layout_basic, grunt_gozag_statues, nicolae_ru_path_of_blood
D:8:      layout_loops_ring, mainiacjoe_overflow_chevrons, roderic_lattice_a,
          minmay_gold_behind_fungi
D:9:      layout_roguey, chequers_temple_overflow_minitemple, serial_bayou,
          serial_bayou_pond_a, serial_bayou_crossing, serial_bayou_pond_a,
          serial_bayou_pond_e, serial_bayou_shore_b, serial_bayou_shore_b,
          uniq_erica
D:10:     layout_layer_cave
D:11:     layout_cave_pools, erik_lair_orcish_takeover, kennysheep_cross_room
D:12:     layout_roguey, serial_shops, shop
D:13:     layout_stronghold, grunt_vaults_entry_tiered, nicolae_vehumet_radiance
D:14:     minmay_heptahexagon, layout_irregular_city, minmay_misc_feat_room,
          gammafunk_ghost_ooze, minmay_microvault
Lair:1:   layout_gridlike, grunt_megastairs_3
Lair:2:   layout_concentric_octagons, gauntlet_entry_generic,
          serial_bayou_pond_e, columned_hall_lemuel, fungi_pond_lemuel,
          st_stairs_4, lemuel_fruit_fields
Lair:3:   layout_cave_pods, dummy_spider_entry, uniq_nergalle, uniq_urug
Lair:4:   layout_layer_cave, elwin_shoals_entry_stream, grunt_megastairs_5,
          uniq_josephine
Lair:5:   layout_roguey, slime_dummy, beast_lair_carwin_5,
          infiniplex_staircase_pool, lemuel_fruit_tree, serial_bayou_shore_a
Lair:6:   cheibrodos_lair_end_hotspot, layout_regular_city,
          hangedman_lair_generics_rect
Shoals:1: layout_shoals, serial_shops, nicolae_shop_waterfront, uniq_jorgrun,
          uniq_frances
Shoals:2: layout_shoals, lemuel_centaur_altar
Shoals:3: layout_shoals, uniq_aizul, uniq_kirke
Shoals:4: shoals_end_grunt_garden, layout_shoals, gammafunk_ghost_cemetery,
          uniq_bai_suzhen, uniq_louise
Spider:1: cheibrodos_spider_deadly_dance, nicolae_spider_eight_legs
Spider:2: layout_spider_delve, uniq_arachne
Spider:3: layout_spider_delve, uniq_nikola
Spider:4: grunt_spider_rune_circles, uniq_donald
Orc:1:    layout_diamond_mine
Orc:2:    kennysheep_orc_mage_school, layout_diamond_mine
Elf:1:    eino_elf_arrival_altar, layout_gridlike, special_room
          [special_room_orc], hangedman_elven_crosses_minicolossus, minivault_5,
          kilobyte_mutagenic_chamber
Elf:2:    nicolae_elf_blades_crystal_corner, layout_gridlike, serial_shops,
          shop_coins
Elf:3:    elf_hall, layout_geoelf_octagon, serial_shops,
          nicolae_shop_statue_plus, minmay_shop_grove
Vaults:1: v_misc_3, vaults_dpeg_doors, vaults_room_guarded_vault,
          nicolae_vaults_hallways_thing, v_rooms_5, hangedman_vaults_impose,
          hangedman_vaults_hat, nicolae_vaults_diagonal_hallway_7,
          hangedman_vaults_cutoff, nicolae_vaults_what_the_h,
          nicolae_vaults_little_ls, nicolae_vaults_network_s,
          ontoclasm_vaults_gateway, layout_vaults_omnibox
Vaults:2: v_rooms_1, nicolae_vaults_network_quincunx
          [nicolae_vaults_network_quincunx_subvault,
          nicolae_vaults_network_quincunx_subvault,
          nicolae_vaults_network_quincunx_subvault,
          nicolae_vaults_network_quincunx_subvault,
          nicolae_vaults_network_quincunx_subvault],
          nicolae_vaults_halls_meeting, v_pattern_3, vaults_mumra_hex,
          ontoclasm_vaults_fault, v_alt_pattern_6,
          ontoclasm_vaults_loading_screen, minmay_crypt_entry_simple_box,
          layout_vaults_omnicross, serial_shops, nicolae_square_shop,
          uniq_margery

Skill      XL: |  1  2  3  4  5  6  7  8  9 10 11 12 13 14 15 16 17 18 19 |
---------------+----------------------------------------------------------+-----
Short Blades   | 1 2 3 4 5 6 7 8 9 10 11 12 13 | 13.2
Long Blades    | 1 2 3 4 5 6 7 8 9 10 11 12 13 | 13.2
Maces & Flails | 1 2 3 4 5 6 7 8 9 10 11 12 13 | 13.2
Polearms       | 1 2 3 4 5 6 7 8 9 10 11 12 13 | 13.2
Staves         | 1 2 3 4 5 6 7 8 9 10 11 12 13 | 13.2
Slings         | 1 2 3 4 5 6 7 8 9 10 11 12 13 | 13.2
Bows           | 1 2 3 4 5 6 7 8 9 10 11 12 13 | 13.2
Crossbows      | 1 2 3 4 5 6 7 8 9 10 11 12 13 | 13.2
Armour         | 1 2 3 4 5 6 7 8 9 10 11 12 13 | 13.2
Stealth        | 1 2 3 4 5 6 7 8 9 10 11 12 13 | 13.2
Shields        | 1 2 3 4 5 6 7 8 9 10 11 12 13 | 13.2
Unarmed Combat | 1 2 3 4 5 6 7 8 9 10 11 12 13 | 13.2
Spellcasting   | 1 2 3 4 5 6 7 8 9 10 11 12 13 | 13.2
Invocations    | 1 2 3 4 5 6 7 8 9 10 11 12 13 14 | 14.2
Evocations     | 1 2 3 4 5 6 7 8 9 10 11 12 13 | 13.2
Conjurations   | 1 2 3 4 5 6 7 8 9 10 11 | 11.3
Hexes          | 1 2 3 4 5 6 7 8 9 10 11 | 11.3
Summonings     | 1 2 3 4 5 6 7 8 9 10 11 | 11.3
Necromancy     | 1 2 3 4 5 6 7 8 9 10 11 | 11.3
Translocations | 1 2 3 4 5 6 7 8 9 10 11 | 11.3
Transmutations | 1 2 3 4 5 6 7 8 9 10 11 | 11.3
Fire Magic     | 1 2 3 4 5 6 7 8 9 10 11 | 11.3
Ice Magic      | 1 2 3 4 5 6 7 8 9 10 11 | 11.3
Air Magic      | 1 2 3 4 5 6 7 8 9 10 11 | 11.3
Earth Magic    | 1 2 3 4 5 6 7 8 9 10 11 | 11.3
Poison Magic   | 1 2 3 4 5 6 7 8 9 10 11 | 11.3
Fighting       | 5 6 7 8 9 10 11 12 13 | 13.8
Throwing       | 5 6 7 8 9 10 11 12 13 | 13.8
Axes           | 7 8 9 10 11 12 13 14 | 14.4
Dodging        | 7 8 9 10 11 12 13 14 | 14.4

Action                   |  1- 3 |  4- 6 |  7- 9 | 10-12 | 13-15 | 16-18 | 19-21 || total
-------------------------+-------+-------+-------+-------+-------+-------+-------++-------
Melee: War axe           |    68 |    67 |       |       |       |       |       ||   135
       Bite              |     5 |     4 |    25 |    56 |   177 |   233 |    89 ||   589
       Battleaxe         |       |     5 |       |       |       |       |       ||     5
       Hand axe          |       |    62 |   286 |   546 |  1014 |       |       ||  1908
       Punch             |       |     2 |       |     4 |       |       |       ||     6
       Headbutt          |       |       |       |    64 |   186 |   125 |       ||   375
       Scimitar          |       |       |       |    14 |    42 |       |       ||    56
       Flail             |       |       |       |       |   101 |  1301 |   548 ||  1950
 Fire: Arbalest          |       |       |       |     7 |       |       |       ||     7
Throw: Throwing net      |       |       |     2 |       |       |     2 |       ||     4
       Dart              |       |       |       |    15 |    23 |     6 |       ||    44
 Cast: Wereblood         |       |       |       |       |     1 |       |       ||     1
       Airstrike         |       |       |       |       |       |     7 |       ||     7
Evoke: Wand              |       |     1 |     6 |    17 |    23 |    33 |     5 ||    85
       Lightning rod     |       |       |       |     5 |     2 |     8 |     3 ||    18
       Condenser vane    |       |       |       |     1 |     1 |     5 |     2 ||     9
       Piece from Xom's  |       |       |       |       |     3 |     3 |       ||     6
       Phial of floods   |       |       |       |       |     2 |     2 |     2 ||     6
  Use: Scroll            |       |       |    11 |    18 |     7 |     7 |     2 ||    45
       Potion            |       |       |       |     8 |     2 |    14 |     4 ||    28
 Stab: Paralysed         |       |     2 |     8 |     4 |     3 |     1 |       ||    18
       Held in net/web   |       |       |     2 |       |       |       |       ||     2
       Sleeping          |       |       |       |     3 |    11 |     6 |     1 ||    21
       Petrified         |       |       |       |     8 |     7 |       |       ||    15
       Invisible         |       |       |       |       |     9 |     9 |       ||    18
       Confused          |       |       |       |       |     7 |     7 |       ||    14
       Distracted        |       |       |       |       |     4 |     4 |       ||     8
       Petrifying        |       |       |       |       |       |     1 |       ||     1
Armor: Scale mail        |    41 |    47 |    75 |    59 |       |       |       ||   222
       Leather armour    |     2 |       |       |       |       |       |       ||     2
       Ice dragon scales |       |       |       |   128 |   325 |       |       ||   453
       Skin              |       |       |       |     3 |     6 |       |       ||     9
       Chain mail        |       |       |       |       |    64 |   235 |       ||   299
       Plate armour      |       |       |       |       |       |   163 |   141 ||   304
Dodge: Dodged            |    79 |    85 |   153 |   233 |   400 |   386 |   134 ||  1470
Block: Kite shield       |       |       |       |   316 |  1085 |  1033 |       ||  2434
       Other             |       |       |       |    20 |       |       |       ||    20
       Reflection        |       |       |       |    10 |    10 |   119 |    82 ||   221
       Tower shield      |       |       |       |       |       |   650 |   698 ||  1348
       Rpst.: Scimitar   |       |       |       |       |     1 |       |       ||     1
